 Dungeon Crawl Stone Soup version 0.23-a0-417-gf02c810438 (webtiles) character file.

72 Nixze the Chiller (level 4, 24/24 HPs)
             Began as a Gargoyle Ice Elementalist on Nov 10, 2018.
             Quit the game on level 2 of the Dungeon.
             The game lasted 00:05:09 (1656 turns).

Nixze the Chiller (Gargoyle Ice Elementalist)       Turns: 1656, Time: 00:05:09

Health: 24/24      AC:  1    Str: 12    XL:     4   Next: 26%
Magic:  2/8        EV: 12    Int: 16    God:
Gold:   61         SH:  0    Dex: 10    Spells: 6/9 levels left

rFire    . . .     SeeInvis .   e - -3 spear (curse)
rCold    . . .     Gourm    .   (no shield)
rNeg     + . .     Faith    .   a - +0 robe
rPois    ∞         Spirit   .   (no helmet)
rElec    +         Reflect  .   (no cloak)
rCorr    .         Harm     .   (no gloves)
MR       .....                  (no boots)
Stlth    ++........             (no amulet)
HPRegen  0.08/turn              l - -4 ring of protection (curse)
MPRegen  0.11/turn              (no ring)

@: no status effects
A: negative energy resistance 1, electricity resistance, unbreathing,
petrification resistance, rot immunity, AC +3
a: no special abilities


You were on level 2 of the Dungeon.
You were not hungry.

You visited 1 branch of the dungeon, and saw 2 of its levels.

You collected 61 gold pieces.

Inventory:

Hand Weapons
 e - a cursed -3 spear (weapon)
Armour
 a - a +0 robe (worn)
 h - a +0 large shield
Jewellery
 l - a cursed -4 ring of protection (left hand)
Scrolls
 b - a scroll of magic mapping {unknown}
 g - 2 scrolls of teleportation {unknown}
 k - a scroll of remove curse {unknown}
Potions
 f - a potion of brilliance {unknown}
 i - 2 potions of invisibility {unknown}
 j - a potion of resistance {unknown}
Comestibles
 c - 4 rations
 d - 6 chunks of flesh


   Skills:
 - Level 1.6 Dodging
 - Level 2.2 Stealth
 + Level 1.0 Shields
 * Level 3.1 Spellcasting
 - Level 1.1 Conjurations
 * Level 3.9 Ice Magic


You had 6 spell levels left.
You knew the following spells:

 Your Spells              Type           Power        Failure   Level  Hunger
a - Freeze                Ice            ###.         3%          1    None
b - Throw Frost           Conj/Ice       ##....       10%         2    ##.....

Your spell library contained the following spells:

 Spells                   Type           Power        Failure   Level  Hunger
 Ozocubu's Armour         Chrm/Ice       #.......     24%         3    ###....
 Throw Icicle             Conj/Ice       ##......     54%         4    ####...
 Summon Ice Beast         Ice/Summ       #.......     63%         4    ####...


Dungeon Overview and Level Annotations

Branches:
Dungeon (2/15)

Altars:


Innate Abilities, Weirdness & Mutations

You are resistant to torment.
Your stone body is resilient. (AC +3)
You are immune to poison.
You resist negative energy. (rN+)
You are resistant to electric shocks. (rElec)
You can survive without breathing.
You are immune to petrification.
You are immune to rotting.


Message History

Confirm with . or Enter, or press ? or * to list all spells.
Aiming: Freeze (safe; 3% risk of failure)
Press: ? - help, Shift-Dir - straight line, f/p - jackal
Aim: a jackal (almost dead)
You freeze the jackal.
You kill the jackal!
The frilled lizard barely misses you.
Casting: Freeze (safe; 3% risk of failure)
Confirm with . or Enter, or press ? or * to list all spells.
Aiming: Freeze (safe; 3% risk of failure)
Press: ? - help, Shift-Dir - straight line, f - frilled lizard
Aim: a frilled lizard You freeze the frilled lizard.
You kill the frilled lizard!
Casting: Freeze (safe; 3% risk of failure)
Confirm with . or Enter, or press ? or * to list all spells.
You can't see any susceptible monsters within range! (Use Z to cast anyway.) Oops, that ring feels deathly cold.
l - a cursed -4 ring of protection (left hand) Are you sure you want to abandon this character and quit the game? (Confirm

#.......###..#
#..<>...#....#
#.......#.##.#
#............###
#.......#......#
##############.#
#.#
.##.#############
#.#
......)..@..(...#
#.#
###.##.#.#..###÷#
#.#
#.#.#..###.####>#
#.#.#...........#
#.#.....##.######
#.###..###.# #.
..... ..# ##
#########


There were no monsters in sight!

Vanquished Creatures
  2 adders (D:2)
  A worm (D:2)
  5 leopard geckos
  2 giant cockroaches
  A goblin (D:2)
  6 hobgoblins
  6 jackals
  4 kobolds
  A quokka (D:2)
  6 bats
  4 frilled lizards (D:2)
  6 rats
44 creatures vanquished.

Notes
Turn   | Place    | Note
-------+----------+-------------------------------------------
     0 | D:1      | Nixze the Gargoyle Ice Elementalist began the quest for the
                  | Orb.
     0 | D:1      | Reached XP level 1. HP: 10/10 MP: 3/3
   293 | D:1      | Reached XP level 2. HP: 15/15 MP: 1/5
   431 | D:1      | Learned a level 2 spell: Throw Frost
  1051 | D:2      | Reached XP level 3. HP: 18/19 MP: 3/6
  1360 | D:2      | Reached XP level 4. HP: 22/24 MP: 1/8
  1651 | D:2      | Reached skill level 1 in Shields
  1656 | D:2      | Quit the game

Vault maps used:
D:1:      dpeg_arrival_signposts, minmay_stone_trees_small
D:2:      first_ration

Skill      XL: |  1  2  3  4 |
---------------+-------------+-----
Spellcasting   | 3 |  3.1
Shields        | 1 |  1.0
Dodging        | |  1.6
Stealth        | |  2.2
Conjurations   | |  1.1
Ice Magic      | |  3.9

Action                   |  1- 3 |  4- 6 || total
-------------------------+-------+-------++-------
Melee: Spear             |    55 |    12 ||    67
       Unarmed           |     1 |       ||     1
 Cast: Freeze            |    36 |    18 ||    54
 Stab: Sleeping          |     2 |     1 ||     3
       Distracted        |     1 |       ||     1
  Eat: Chunk             |     2 |     1 ||     3
Armor: Robe              |    24 |     6 ||    30
Dodge: Dodged            |    59 |    14 ||    73

Table legend:
 A = Non-vault XP
 B = Vault XP
 C = Vault XP percentage of total XP
 D = Non-vault monster count
 E = Vault monster count
 F = Vault count percentage of total count
                 A         B        C        D         E       F
            +---------+---------+-------+---------+---------+-------
      Total |     104 |       0 |   0.0 |      44 |       0 |   0.0
            +---------+---------+-------+---------+---------+-------
        D:1 |      22 |       0 |   0.0 |      12 |       0 |   0.0
        D:2 |      82 |       0 |   0.0 |      32 |       0 |   0.0
            +---------+---------+-------+---------+---------+-------
